 Dungeon Crawl Stone Soup version 0.31.0-1-g2c135a008e (webtiles) character file.

Game seed: 14358311045912193954

133 qw the Shooter (level 5, -3/40 HPs)
             Began as a Djinni Hunter on Jan 24, 2024.
             Slain by an orc priest
             ... wielding a +0 club
              (5 damage)
             ... on level 4 of the Dungeon.
             The game lasted 00:00:05 (1052 turns).

qw the Shooter (Djinni Hunter)                      Turns: 1052, Time: 00:00:05

Health: -3/40      AC:  5    Str: 16    XL:     5   Next: 39%
Gold:   118        EV: 12    Int: 11    God:
                   SH:  0    Dex: 18

rFire   + + .        a - +0 shortbow
rCold   x . .        (shield currently unavailable)
rNeg    . . .        d - +0 ring mail
rPois   inf          (no helmet)
rElec   .            (no cloak)
rCorr   .            (no gloves)
SInv    .            (boots unavailable)
Will    .....        (no amulet)
Stlth   +            e - +6 ring of strength
HPRegen 0.26/turn    (no ring)
MPRegen 0.00/turn

%: infuse magic (-4 HP)
@: flying
A: sickness immunity, fire resistance 2, cold vulnerability 1, float, innate
caster, HP casting, extra vitality 1
a: no special abilities


You were on level 4 of the Dungeon.
You visited 1 branch of the dungeon, and saw 3 of its levels.

You collected 118 gold pieces.


Innate Abilities, Weirdness & Mutations

You are immune to sickness and miasma.
You are immune to poison.
Your flesh is very heat resistant. (rF++)
You are vulnerable to cold. (rC-)
You float through the air rather than walking.
You learn spells naturally, not from books.
Your magical power is your life essence.
You have superior vitality. (+4 MHP)


   Skills:
 - Level 3.0 Fighting
 + Level 4.0 Ranged Weapons
 - Level 1.0 Armour
 - Level 3.8 Dodging
 - Level 0.7 Stealth


You knew the following spells:

 Your Spells              Type           Power      Damage    Failure   Level
a - Shock                 Conj/Air       0%         1d3       56%         1
b - Jinxbite              Hex            0%         N/A       71%         2
Your spell library was empty.

Inventory:

Hand Weapons
 a - a +0 shortbow (weapon)
Armour
 d - a +0 ring mail (worn)
Jewellery
 c - an amulet of faith
 e - a +6 ring of strength (left hand)
Wands
 g - a wand of flame (12)
Scrolls
 b - a scroll of immolation {unknown}
Potions
 h - a potion of mutation {unknown}
 i - a potion of haste {unknown}

Dungeon Overview and Level Annotations

Branches:
Dungeon (4/15)
 Temple: D:4-7

Altars:


Message History

The orc priest is moderately wounded.
The orc misses you.
The orc priest invokes the aid of Beogh against you.
Beogh smites you! The orc closely misses you.
You shoot an arrow. The arrow hits the orc.
The orc is severely wounded.
The orc closely misses you.
You shoot an arrow. The arrow hits the orc.
You kill the orc!
You shoot an arrow. The arrow barely misses the orc priest.
The orc priest hits you with a +0 club.
The orc priest calls down the wrath of Beogh upon you.
Beogh smites you!
You shoot an arrow. The arrow hits the orc priest.
The orc priest is heavily wounded.
The orc priest hits you with a +0 club.
You shoot an arrow.
The arrow closely misses the orc priest.
The orc priest calls down the wrath of Beogh upon you.
Pain shoots through your body!
You shoot an arrow. The arrow barely misses the orc priest.
The orc priest closely misses you.
The orc priest hits you but does no damage.
You shoot an arrow. The arrow hits the orc priest.
The orc priest is heavily wounded.
The orc priest misses you.
You shoot an arrow. The arrow barely misses the orc priest.
The orc priest hits you with a +0 club.
You shoot an arrow. The arrow barely misses the orc priest.
The orc priest hits you with a +0 club.
You shoot an arrow.
The arrow closely misses the orc priest.
The orc priest closely misses you. The orc priest barely misses you.
You shoot an arrow. The arrow barely misses the orc priest.
The orc priest hits you but does no damage.
You shoot an arrow.
The arrow hits the orc priest but does no damage.
The orc priest is heavily wounded.
The orc priest hits you with a +0 club.
You die...

#...?..........)...# #
#...#.....#........# ..
#...#.#######......##
...###.....# #.#......
.........#.### ###........
....#....#^%.# #.)........
.s..#...####.###..##......
......))####.##...##......
....##.)o@.#.#............
... #.###.#...#...#......
.. #.. #..#.....## ..... .
.......#...............
....##............#.....
..... ......######.......
..... #.###.. ....... #
##.. .##


You could see an orc priest.

Vanquished Creatures
  A scorpion (D:4)
  A bombardier beetle (D:4)
  A ribbon worm (D:4)
  A dart slug (D:4)
  4 orcs (D:4)
  5 endoplasms (D:1)
  5 goblins
  2 hobgoblins (D:1)
  4 kobolds
  3 ball pythons
  4 bats
  2 frilled lizards (D:1)
  2 rats (D:1)
35 creatures vanquished.

Notes
Turn   | Place    | Note
-------+----------+-------------------------------------------
     0 | D:1      | qw the Djinni Hunter began the quest for the Orb.
     0 | D:1      | Reached XP level 1. HP: 18/18 MP: 0/0
     0 | D:1      | 0 ||| qw: Version: 0.3-a-136-gdd3b4e8
     0 | D:1      | 0 ||| qw: Game counter: 1443
     0 | D:1      | 0 ||| qw: Melee chars always use a shield: true
     0 | D:1      | 0 ||| qw: God list: Okawaru
     0 | D:1      | 0 ||| qw: Allow faded altars: false
     0 | D:1      | 0 ||| qw: Do Orc after clearing Dungeon:15 true
     0 | D:1      | 0 ||| qw: Do second Lair branch before Depths: true
     0 | D:1      | 0 ||| qw: Lair rune preference: random
     0 | D:1      | 0 ||| qw: Goals: Normal
     0 | D:1      | 0 ||| PLANNING D:1-11
    66 | D:1      | Reached XP level 2. HP: 23/23 MP: 0/0
   332 | D:1      | Found a faded altar of an unknown god.
   566 | D:1      | Reached XP level 3. HP: 28/28 MP: 0/0
   566 | D:1      | Learned a level 1 spell: Shock
   765 | D:1      | 765 ||| UPGRADING to +0 ring mail.
   775 | D:1      | 775 ||| DROPPING +0 leather armour.
   776 | D:1      | 776 ||| UPGRADING to +6 ring of strength.
   777 | D:1      | 777 ||| READING 2 scrolls labelled SIOPAI CUQUXZE.
   778 | D:1      | 778 ||| DROPPING scroll of butterflies.
   779 | D:1      | 779 ||| DROPPING scroll of fog.
   786 | D:2      | Reached skill level 4 in Ranged Weapons
   826 | D:2      | You are sucked into a shaft and drop 2 floors!
   844 | D:4      | Reached skill level 1 in Armour
   921 | D:4      | Reached skill level 3 in Fighting
   921 | D:4      | Reached XP level 4. HP: 29/35 MP: 0/0
  1018 | D:4      | Noticed a scorpion
  1019 | D:4      | 1019 ||| RETREEEEATING.
  1020 | D:4      | 1020 ||| RETREEEEATING.
  1033 | D:4      | 1033 ||| ZAPPING wand of flame (18) at -1,0 (scorpion;
                  | floor).
  1034 | D:4      | 1034 ||| ZAPPING wand of flame (17) at -1,0 (scorpion;
                  | floor).
  1035 | D:4      | 1035 ||| ZAPPING wand of flame (16) at -1,0 (scorpion;
                  | floor).
  1036 | D:4      | 1036 ||| ZAPPING wand of flame (15) at -1,0 (scorpion;
                  | floor).
  1037 | D:4      | 1037 ||| ZAPPING wand of flame (14) at -1,0 (scorpion;
                  | floor).
  1038 | D:4      | 1038 ||| ZAPPING wand of flame (13) at -1,0 (scorpion;
                  | floor).
  1038 | D:4      | Killed a scorpion
  1039 | D:4      | Reached skill level 3 in Dodging
  1039 | D:4      | Reached XP level 5. HP: 26/40 MP: 0/0
  1039 | D:4      | Learned a level 2 spell: Jinxbite
  1043 | D:4      | HP: 3/40 [orc priest/divine providence (12)]
  1048 | D:4      | HP: 2/40 [orc priest/+0 club (1)]
  1052 | D:4      | Slain by an orc priest

Levels and vault maps discovered:
D:1:      nicolae_arrival_somewhat_less_tricky_arrival, layout_basic,
          hellmonk_ecumenical_altar_lost_god, nicolae_eternal_life
D:2:      cheibrodos_helix_gallery, layout_basic, minmay_misc_feat_cross,
          uniq_robin
D:4:      layout_rooms

Skill      XL: |  1  2  3  4 |
---------------+-------------+-----
Ranged Weapons | 4 |  4.0
Armour         | 1 |  1.0
Fighting       | 3 |  3.0
Dodging        | 3 |  3.8
Stealth        | |  0.7

Action                     |  1- 3 |  4- 6 || total
---------------------------+-------+-------++-------
   Fire: Shortbow          |    89 |    35 ||   124
  Evoke: Wand              |       |     6 ||     6
    Use: Scroll            |     1 |       ||     1
 Armour: Leather armour    |    11 |       ||    11
         Ring mail         |     8 |    18 ||    26
  Dodge: Dodged            |    30 |    17 ||    47

Table legend:
 A = Non-vault XP
 B = Vault XP
 C = Vault XP percentage of total XP
 D = Non-vault monster count
 E = Vault monster count
 F = Vault count percentage of total count
                 A         B        C        D         E       F
            +---------+---------+-------+---------+---------+-------
      Total |     190 |       0 |   0.0 |      35 |       0 |   0.0
            +---------+---------+-------+---------+---------+-------
        D:1 |      29 |       0 |   0.0 |      18 |       0 |   0.0
        D:2 |       5 |       0 |   0.0 |       3 |       0 |   0.0
        D:4 |     156 |       0 |   0.0 |      14 |       0 |   0.0
            +---------+---------+-------+---------+---------+-------
